 Dungeon Crawl Stone Soup version 0.29.1-15-g9cfb28693d (webtiles) character file.

Game seed: 5649065584251220932

60 leafyfresh the Sneak (level 4, 0/31 HPs)
             Began as an Octopode Delver on Feb 26, 2023.
             Succumbed to a scorpion's poison
             ... on level 5 of the Dungeon.
             The game lasted 00:00:16 (68 turns).

leafyfresh the Sneak (Octopode Delver)                Turns: 68, Time: 00:00:16

Health: 0/31       AC:  1    Str: 11    XL:     4   Next: 6%
Magic:  4/4        EV: 13    Int: 14    God:
Gold:   0          SH:  0    Dex: 13    Spells: 3/3 levels left

rFire   . . .      SeeInvis .   a - +0 short sword
rCold   . . .      Faith    .   (no shield)
rNeg    . . .      Spirit   .   (helmet restricted)
rPois   .          Reflect  .   (no amulet)
rElec   .          Harm     .   (no ring)
rCorr   .          Rampage  .   (no ring)
Will    .....                   (no ring)
Stlth   +++++.....              (no ring)
HPRegen 0.10/turn               (no ring)
MPRegen 0.09/turn               (no ring)
                                (no ring)
                                (no ring)

@: lethally poisoned (0 -> -20)
A: almost no armour, amphibious, 8 rings, camouflage 1, gelatinous body 1,
nimble swimmer 1, tentacles
a: no special abilities


You were on level 5 of the Dungeon.
You visited 1 branch of the dungeon, and saw 1 of its levels.

Inventory:

Hand Weapons
 a - a +0 short sword (weapon)
Wands
 f - a wand of digging (3)
Scrolls
 b - a scroll of fog
 c - a scroll of magic mapping
 d - a scroll of fear
 g - a scroll of identify {unknown}
Potions
 e - a potion of haste


   Skills:
 + Level 3.5 Fighting
 + Level 2.6 Short Blades
 + Level 2.7 Dodging
 + Level 7.1 Stealth


You had 3 spell levels left.
You didn't know any spells.
Your spell library was empty.

Dungeon Overview and Level Annotations

Branches:
Dungeon (5/15)
 Temple: D:4-7

Altars:

Shops:
D:5 *


Innate Abilities, Weirdness & Mutations

You cannot wear most types of armour.
You are amphibious.
You can wear up to eight rings at the same time.
Your skin changes colour to match your surroundings (Stealth+).
Your rubbery body absorbs attacks. (AC +1, EV +1)
You are camouflaged when in or above water. (Stealth+)
You have tentacles for arms and can constrict up to eight enemies at once.


Message History

You miss the ufetubus. You grab the ufetubus. You constrict the ufetubus.
The ufetubus misses you. The ufetubus closely misses you.
You hit the ufetubus.
The ufetubus is severely wounded.
You constrict the ufetubus.
You kill the ufetubus!
Your Stealth skill increases to level 7!
You hit the iguana. You grab the iguana. You squeeze the iguana.
The iguana is moderately wounded.
You constrict the iguana, but do no damage.
You hit the iguana.
The iguana is moderately wounded.
You constrict the iguana. The iguana barely misses you.
The scorpion misses you.
You hit the iguana but do no damage. You squeeze the iguana!
You kill the iguana!
The scorpion closely misses you. The hound closely misses you.
You have reached level 4!
You hit the scorpion. Your grab misses the scorpion. You squeeze the scorpion.
The scorpion is heavily wounded.
The scorpion stings you!
* * * LOW HITPOINT WARNING * * *
You are lethally poisoned!
The scorpion poisons you! The hound barely misses you.
The scorpion barely misses you.
You hit the scorpion but do no damage. You grab the scorpion.
The scorpion is heavily wounded.
You constrict the scorpion.
* * * LOW HITPOINT WARNING * * *
You feel very sick. The hound misses you. The scorpion stings you.
* * * LOW HITPOINT WARNING * * *
You are more poisoned.
The scorpion poisons you! The hound closely misses you.
Unknown command.
You completely miss the scorpion.
You squeeze the scorpion, but do no damage.
The scorpion is severely wounded.
You constrict the scorpion.
You die...

............#..##.##...#.#
...#.....##....#...#......
..#..#..####...#..........
.#.##.#..##...............
...##.#####.....≈.........
####### #................
.#.## [......#.∩.§..##..
....# .........hs...#
....###.........@†...#
.....###....#............
...>.......$#......#......
#.......... #.........##.#
.................###.## .
.................. ...
.............##.## ..#
.#........... .. #.#
.##........


You could see a scorpion and a hound.

Vanquished Creatures
  A hound (D:5)
  An iguana (D:5)
  An ufetubus (D:5)
3 creatures vanquished.

Notes
Turn   | Place    | Note
-------+----------+-------------------------------------------
     0 | D:5      | leafyfresh the Octopode Delver began the quest for the Orb.
     0 | D:5      | Reached XP level 1. HP: 16/16 MP: 1/1
    44 | D:5      | Found Loqyj's Elemental Accessories.
    51 | D:5      | Noticed an iguana
    52 | D:5      | Noticed a hound
    57 | D:5      | Noticed a scorpion
    58 | D:5      | Killed a hound
    58 | D:5      | Noticed a hound
    59 | D:5      | Reached XP level 2. HP: 19/21 MP: 2/2
    59 | D:5      | Reached XP level 3. HP: 24/26 MP: 3/3
    63 | D:5      | Reached skill level 7 in Stealth
    66 | D:5      | Reached XP level 4. HP: 17/31 MP: 4/4
    68 | D:5      | Succumbed to a scorpion's poison

Illustrated notes

Levels and vault maps discovered:
D:5:      layout_cave_pools, gammafunk_temple_overflow_arena,
          grunt_dithmenos_smoke, kb_lookout_dungeons_type, nicolae_sextant,
          nicolae_elemental_shop, minmay_misc_feat_rugged

Skill      XL: |  1  2  3 |
---------------+----------+-----
Stealth        | 7 |  7.1
Fighting       | |  3.5
Short Blades   | |  2.6
Dodging        | |  2.7

Action                   |  1- 3 |  4- 6 || total
-------------------------+-------+-------++-------
Melee: Short sword       |     8 |     3 ||    11
       Tentacles         |     4 |     2 ||     6
       Constrict         |     3 |     1 ||     4
Dodge: Dodged            |    12 |     4 ||    16
